Map: 凯罗斯中转站-天梯版

Players

eGGz - Winner!

  • Race: Zerg Zerg
  • League: Grandmaster

yohilo

  • Race: Terran Terran
  • League: Bronze

Event: WESG 2018 Grand Finals

VOD

Have the link to the VOD?

Description

Time

  • Played on: March 12, 2019, 1:42 a.m.
  • Length: 5:58

All games in this series

Show
View Real Time Build Order
Export as new Build Order

eGGz Zerg - Winner!

Build Orders: Pool First 

Get SALT Encoding   

  12  0:18  Spawning Pool  
  11  0:21  Drone  
  11  0:27  Drone  
  13  0:30  Drone  
  14  0:42  Overlord  
  14  1:04  Zergling x2  
  14  1:05  Zergling x4  
  14  1:09  Queen  
  19  1:16  Zergling x2  
  20  1:28  Zergling x2  
  21  1:33  Hatchery  
  20  1:40  Drone  
  21  1:48  Overlord  
  21  1:54  Spine Crawler  
  21  2:03  Drone  
  22  2:12  Drone  
  22  2:18  Drone x2  
  22  2:20  Drone  
  24  2:23  Drone  
  24  2:34  Drone  
  23  2:46  Queen, Extractor  
  24  2:51  Queen  
  24  2:52  Drone x2  
  24  2:54  Zergling x2  
  29  2:59  Zergling x2  
  30  3:05  Drone  
  30  3:10  Drone  
  32  3:14  Zergling x6  
  35  3:31  Overlord  
  35  3:32  Drone  
  35  3:33  Hatchery  
  35  3:47  Zergling x2  
  36  3:49  Metabolic Boost  
  36  3:51  Zergling x2  
  36  3:52  Zergling x2  
  38  3:56  Drone x2  
  38  3:57  Drone  
  38  3:59  Drone x2  
  38  4:00  Drone  
  44  4:09  Spine Crawler, Zergling x2  
  44  4:11  Overlord  
  44  4:18  Baneling Nest, Zergling x2  
  44  4:32  Drone x2  
  44  4:33  Drone x3  
  48  4:39  Zergling x2  
  49  4:46  Overlord  
  49  4:48  Drone x4  
  49  4:52  Queen, Drone, Extractor  
  52  4:54  Extractor  
  52  5:01  Drone  
  52  5:02  Drone  
  54  5:07  Zergling x6  
  54  5:08  Zergling x6  
  54  5:11  Baneling  
  54  5:13  Baneling  
  59  5:19  Zergling x8  
  62  5:26  Drone x2  
  61  5:31  Drone x2  
  61  5:32  Drone  
  62  5:39  Drone  
  62  5:41  Drone x2  
Show
View Real Time Build Order
Export as new Build Order

yohilo Terran 

Build Orders:  

Get SALT Encoding   

  12  0:00  SCV  
  13  0:13  SCV  
  14  0:19  Supply Depot  
  14  0:25  SCV  
  15  0:41  SCV  
  16  0:43  Barracks  
  16  0:52  Refinery  
  16  0:53  SCV  
  17  1:08  SCV  
  18  1:20  SCV  
  18  1:24  Barracks  
  20  1:32  SCV  
  20  1:33  Supply Depot  
  20  1:37  Reaper  
  21  1:46  SCV  
  22  1:47  Barracks  
  22  1:59  SCV  
  21  2:11  SCV  
  17  2:23  SCV  
  18  2:32  Marine  
  16  2:45  Marine  
  16  2:50  Marine  
  18  2:51  SCV  
  19  3:03  Marine  
  19  3:04  SCV  
  21  3:08  Marine  
  22  3:16  SCV  
  23  3:21  Marine  
  23  3:25  Marine  
  23  3:26  Marine  
  26  3:28  SCV  
  27  3:39  Marine  
  27  3:41  Supply Depot  
  28  3:43  Marine  
  28  3:44  Marine  
  30  3:56  Marine  
  30  4:02  Marine x2  
  33  4:06  Supply Depot  
  33  4:14  Marine  
  34  4:20  Marine x2  
  28  4:32  Marine  
  28  4:38  Marine x2  
  30  4:43  Orbital Command  
  28  4:50  Marine  
  29  4:55  Marine x2  
  26  5:08  Marine  
  17  5:30  Marine x3  
  19  5:38  SCV  
Tags
 
Add a new tag
Caveats
  • Supply blocks, unpowered buildings, or Contaminate may cause inaccurate times.
  • Supply counts are checked every 10 seconds.